Map: Cyber Forest LE

Players

Astrea - Winner!

  • Race: Protoss Protoss
  • League: Grandmaster
  • Spawn Location: 11:00

TIME (Oliveira)

  • Race: Terran Terran
  • Spawn Location: 5:00

Event: 2019 WCS Winter Americas

VOD

Have the link to the VOD?

Description

Time

  • Played on: March 24, 2019, 2:35 p.m.
  • Length: 12:08

All games in this series

Show
View Real Time Build Order
Export as new Build Order

Astrea Protoss - Winner!

Build Orders: Phoenix Opening, Colossus Rush 

Get SALT Encoding   

  12  0:00  Probe  
  13  0:13  Probe  
  14  0:17  Pylon  
  14  0:24  Probe  
  15  0:32  Probe  
  15  0:37  Gateway  
  15  0:40  Probe  
  16  0:46  Assimilator  
  17  0:50  Probe  
  17  0:55  Assimilator  
  18  0:58  Probe  
  19  1:04  Pylon  
  19  1:06  Probe  
  20  1:17  Probe  
  20  1:24  Cybernetics Core  
  21  1:29  Probe  
  24  1:42  Probe  
  25  1:53  Sentry  
  25  1:54  Probe  
  26  1:56  Nexus  
  26  2:03  Warp Gate  
  26  2:06  Probe  
  27  2:17  Sentry, Pylon  
  27  2:18  Probe  
  30  2:30  Probe, Robotics Facility  
  30  2:33  Phoenix  
  31  2:42  Probe  
  31  2:43  Stalker  
  34  2:54  Probe  
  35  3:03  Probe  
  35  3:04  Probe  
  35  3:11  Probe  
  35  3:12  Probe  
  39  3:20  Probe  
  39  3:22  Probe  
  39  3:24  Immortal  
  45  3:33  Probe  
  46  3:34  Probe  
  46  3:37  Robotics Bay  
  47  3:45  Probe  
  47  3:47  Probe  
  49  3:52  Nexus  
  49  3:54  Pylon  
  49  3:57  Observer, Probe  
  49  3:59  Probe  
  51  4:04  Phoenix  
  51  4:09  Probe  
  53  4:10  Assimilator  
  53  4:11  Assimilator, Probe  
  53  4:12  Colossus  
  53  4:16  Pylon  
  54  4:21  Probe  
  54  4:23  Probe  
  62  4:34  Probe  
  62  4:35  Probe  
  64  4:40  Extended Thermal Lance, Gateway x2  
  64  4:49  Probe x2  
  66  4:54  Pylon  
  66  4:57  Colossus  
  66  4:58  Stalker  
  68  5:01  Probe  
  68  5:04  Probe x2  
  77  5:14  Probe  
  77  5:16  Probe  
  77  5:17  Probe  
  79  5:28  Probe x2  
  80  5:33  Probe  
  80  5:35  Stalker x3  
  86  5:39  Pylon  
  86  5:40  Probe x2  
  90  5:44  Observer  
  90  5:45  Probe  
  90  5:46  Colossus  
  90  5:48  Pylon  
  91  5:51  Observer  
  91  5:56  Pylon  
  97  5:58  Probe  
  97  6:03  Stalker  
  100  6:07  Stalker  
  100  6:08  Stalker  
  104  6:11  Observer, Forge  
  104  6:13  Forge  
  104  6:16  Twilight Council  
  104  6:18  Observer  
  104  6:20  Shield Battery  
  104  6:21  Pylon  
  104  6:25  Protoss Ground Armor Level 1  
  104  6:28  Protoss Ground Weapons Level 1  
  104  6:29  Stalker  
  104  6:34  Stalker x2  
  104  6:37  Gateway  
  107  6:40  Gateway  
  107  6:42  Observer, Gateway  
  107  6:44  Charge  
  108  6:48  Pylon  
  108  6:57  Zealot x3  
  114  7:02  Gateway  
  114  7:03  Gateway  
  114  7:08  Pylon  
  114  7:09  Pylon  
  114  7:22  Stalker x3  
  110  7:38  Stalker x3  
  112  7:49  Protoss Ground Weapons Level 2, Gateway x2  
  111  7:53  Probe x2  
  111  7:54  Zealot x3  
  119  7:59  Zealot x2  
  119  8:02  Pylon  
  123  8:06  Protoss Ground Armor Level 2  
  123  8:13  Pylon  
  123  8:19  Zealot x2  
  125  8:24  Blink  
  125  8:26  Nexus  
  125  8:29  Zealot x4  
  125  8:30  Pylon  
  133  8:34  Robotics Facility  
  133  8:36  Zealot x2  
  137  8:43  Pylon  
  137  8:45  Zealot  
  137  8:46  Zealot  
  141  8:53  Stalker, Pylon  
  143  9:05  Stalker x5  
  143  9:06  Stalker x2  
  112  9:50  Stalker x5  
  118  10:00  Pylon  
  118  10:02  Pylon  
  118  10:03  Probe  
  118  10:04  Assimilator x2, Probe x2  
  118  10:05  Pylon  
  119  10:07  Warp Prism  
  120  10:14  Stalker  
  120  10:17  Zealot x4  
  120  10:19  Probe x3  
  133  10:39  Zealot x6  
  133  10:40  Zealot x4  
  152  10:51  Disruptor  
  155  11:09  Nexus  
  155  11:18  Pylon, Dark Shrine  
  155  11:23  Zealot x2  
  155  11:24  Zealot x6  
  152  11:55  Zealot x7  
  152  11:56  Zealot x3  
Show
View Real Time Build Order
Export as new Build Order

TIME Terran 

Build Orders: Reaper Expand 

Get SALT Encoding   

  12  0:00  SCV  
  13  0:12  SCV  
  14  0:17  Supply Depot  
  14  0:25  SCV  
  15  0:39  SCV  
  15  0:40  Barracks  
  16  0:43  Refinery  
  16  0:51  SCV  
  17  1:03  SCV  
  18  1:15  SCV  
  19  1:27  Reaper  
  19  1:28  Orbital Command  
  20  1:42  Command Center  
  20  1:54  Barracks  
  20  1:55  SCV  
  20  2:00  Barracks Reactor  
  21  2:07  SCV  
  22  2:09  Supply Depot  
  22  2:14  Refinery  
  22  2:19  SCV  
  23  2:28  Factory  
  23  2:31  SCV  
  24  2:38  Marine x2  
  24  2:42  Barracks Tech Lab  
  24  2:43  SCV  
  27  2:55  SCV  
  27  2:56  Orbital Command  
  28  2:59  Marine  
  28  3:00  Marine  
  30  3:06  Stimpack  
  30  3:08  Marine  
  30  3:11  SCV  
  32  3:19  Starport  
  32  3:22  SCV  
  32  3:23  Factory Reactor  
  32  3:26  Marine  
  33  3:29  Marine  
  33  3:31  SCV, Marine  
  36  3:35  SCV  
  36  3:39  Supply Depot  
  37  3:43  SCV  
  37  3:47  SCV  
  39  3:49  Marine  
  39  3:50  Marine  
  39  3:51  Marine  
  43  3:55  SCV  
  43  3:59  SCV, Supply Depot  
  44  4:05  Medivac x2  
  44  4:07  SCV  
  44  4:08  Marine  
  50  4:11  Marine x2  
  50  4:13  SCV, Factory Tech Lab  
  53  4:17  Engineering Bay  
  53  4:21  Refinery  
  53  4:22  SCV  
  54  4:25  SCV  
  54  4:26  Marine  
  54  4:28  Supply Depot  
  54  4:30  Marine  
  57  4:36  Siege Tank  
  60  4:40  Barracks  
  60  4:42  Starport Reactor  
  60  4:43  Marine  
  60  4:45  SCV x2  
  62  4:50  Marine  
  62  4:51  Supply Depot  
  63  4:54  Terran Infantry Weapons Level 1  
  63  4:57  Supply Depot  
  63  4:58  Marine  
  64  5:00  SCV  
  65  5:11  Siege Tank, Marine  
  65  5:12  SCV  
  65  5:13  SCV  
  71  5:15  Marine  
  71  5:16  Supply Depot  
  71  5:19  Combat Shield  
  71  5:20  Marine  
  73  5:25  SCV x2  
  73  5:27  Supply Depot  
  75  5:36  Medivac  
  75  5:37  SCV x2, Marine  
  75  5:42  Refinery  
  82  5:44  Marine  
  82  5:49  SCV  
  82  5:54  Command Center  
  82  5:57  Marauder x2  
  82  5:59  Marine  
  82  6:01  Medivac  
  87  6:06  Widow Mine  
  87  6:07  SCV  
  90  6:11  Marine  
  90  6:15  SCV  
  90  6:16  Marine  
  90  6:18  Marauder, Marine  
  96  6:31  SCV x2  
  98  6:33  Barracks x2  
  98  6:34  Starport  
  98  6:35  Supply Depot  
  98  6:36  Supply Depot  
  98  6:37  Marauder, Marine  
  98  6:39  Liberator x2  
  101  6:51  Terran Infantry Armor Level 1  
  101  6:58  SCV  
  101  7:01  SCV  
  109  7:02  Marauder  
  109  7:03  Marauder  
  109  7:04  Marine  
  109  7:08  Orbital Command  
  114  7:10  SCV  
  114  7:25  Barracks Tech Lab  
  114  7:26  Barracks Reactor  
  114  7:27  SCV, Liberator x2  
  114  7:28  Liberator  
  111  7:32  Marine  
  111  7:33  Marine  
  111  7:34  Marauder, SCV  
  107  7:39  Marauder  
  102  7:47  Marauder  
  102  7:48  SCV x3  
  102  7:50  Marine, Refinery x2  
  116  7:52  Supply Depot  
  116  7:57  Marauder, Marine  
  117  8:00  SCV x3  
  117  8:02  Marauder, Medivac  
  117  8:05  Marine  
  125  8:06  Supply Depot  
  125  8:10  Concussive Shells  
  125  8:11  Marine  
  125  8:12  SCV x2, Marauder, Marine  
  131  8:13  SCV  
  130  8:22  Marauder  
  130  8:23  Marauder  
  130  8:24  SCV  
  135  8:28  SCV  
  135  8:29  SCV  
  135  8:30  Supply Depot  
  135  8:31  Supply Depot  
  135  8:32  Armory  
  135  8:33  Engineering Bay  
  137  8:34  Viking  
  137  8:37  Viking  
  141  8:43  Marine x2  
  141  8:44  Marauder x2  
  147  8:54  Supply Depot  
  147  8:56  Viking, Supply Depot  
  147  8:57  Ghost Academy  
  147  9:02  Marauder  
  148  9:05  Marauder  
  148  9:07  Viking  
  148  9:08  Marauder, Marine x2  
  146  9:20  Marine x2  
  146  9:21  SCV  
  146  9:24  Marauder  
  130  9:25  SCV, Marine  
  130  9:27  Marauder  
  130  9:28  Viking  
  116  9:32  Marine  
  116  9:33  Marauder  
  115  9:41  SCV  
  115  9:42  SCV x2  
  103  9:48  Marauder  
  97  9:57  Marauder, Marine  
  101  10:01  SCV x3  
  101  10:05  Marauder  
  106  10:07  Marine x2  
  106  10:08  Marine  
  106  10:13  SCV x2  
  113  10:16  Viking x2  
  113  10:17  SCV  
  117  10:25  Marine  
  118  10:29  Viking  
  118  10:32  Marine  
  118  10:33  Marine x2  
  122  10:37  Viking  
  122  10:39  Ghost x3  
  122  10:40  Liberator  
  122  10:44  Marine  
  122  10:49  Viking  
  125  10:50  Marine  
  125  10:51  Marine x2  
  128  11:01  Viking  
  128  11:03  Marine  
  134  11:07  Viking  
  134  11:08  Marauder, Marine  
  134  11:09  Marauder  
  134  11:10  Supply Depot  
  134  11:11  Marauder  
  143  11:16  Marine  
  144  11:19  Marine  
  145  11:30  Marauder  
  145  11:31  Marauder  
  145  11:32  Marauder  
  149  11:33  Marine x2  
  149  11:38  SCV  
  142  11:45  Marine  
  104  11:55  SCV  
Tags
 
Add a new tag
Caveats
  • Supply blocks, unpowered buildings, or Contaminate may cause inaccurate times.
  • Supply counts are checked every 10 seconds.